 Dungeon Crawl Stone Soup version 0.30.1 (webtiles) character file.

Game seed: 13585567264753018055

220141 GeoRichter the Warrior (level 18, -2/141 (157) HPs)
             Began as a Demonspawn Delver on July 13, 2023.
             Was the Champion of Ru.
             Slain by a merfolk impaler
             ... wielding a +6 demon trident of venom
              (18 damage)
             ... on level 3 of the Shoals.
             The game lasted 01:11:37 (41625 turns).

GeoRichter the Warrior (Demonspawn Delver)         Turns: 41625, Time: 01:11:38

HP:   -2/141 (157)  AC: 21    Str: 18    XL:     18   Next: 46%
MP:   0/19          EV: 20    Int: 15    God:    Ru [******]
Gold: 272           SH:  0    Dex: 17    Spells: 13/21 levels left

rFire   + + +        a - +8 lajatang (elec)
rCold   + . .        (shield currently unavailable)
rNeg    . . .        F - +2 fire dragon scales
rPois   +            (helmet restricted)
rElec   .            w - scarf {rC+ rF+}
rCorr   .            x - +0 pair of gloves of Lugonu's Outrage {Int+3}
SInv    .            y - +1 pair of boots {rampage}
Will    .....        I - amulet of regeneration
Stlth   +            p - ring of protection from cold
HPRegen 1.23/turn    A - +5 ring of evasion
MPRegen 0.32/turn

%: guardian spirit, rampage
@: lit by a corona, exhausted, weak-willed, glowing, studying 2 skills, heavily
drained, invisible (but backlit and visible), unable to read, very slow
A: antennae 2, slimy green scales 3, low MP 1, spiny 3, magic shield, magic
regeneration, inability to read after injury 2, inability to use devices,
unskilled 2
}: 1/15 runes: serpentine
a: Renounce Religion, Draw Out Power, Power Leap, Apocalypse


You were on level 3 of the Shoals.
You worshipped Ru.
Ru was exalted by your worship.
You visited 6 branches of the dungeon, and saw 30 of its levels.
You also visited: Ice Cave.

You collected 3086 gold pieces.
You spent 2814 gold pieces at shops.

Inventory:

Hand Weapons
 a - a +8 lajatang of electrocution (weapon)
   (You took it off Agnes on level 15 of the Dungeon)
 b - a +2 spectral quarterstaff
   (You found it on level 4 of the Lair of Beasts)
Missiles
 q - a throwing net {!f}
Armour
 f - a +1 cloak of preservation
   (You took it off Maurice on level 11 of the Dungeon)
 w - a scarf of resistance (worn)
   (You found it in an ice cave)
 x - the +0 pair of gloves of Lugonu's Outrage (worn) {Int+3}
   (You bought it in a shop on level 2 of the Orcish Mines)

   Int:       It affects your intelligence (+3).
 y - a +1 pair of boots of rampaging (worn)
   (You found it on level 3 of the Lair of Beasts)
 F - +2 fire dragon scales (worn)
   (You took it off a gnoll on level 12 of the Dungeon)
Jewellery
 j - a ring of see invisible
   (You found it on level 3 of the Dungeon)
 p - a ring of protection from cold (left hand)
   (You found it in an ice cave)
 z - a ring of flight
   (You found it on level 5 of the Lair of Beasts)
 A - a +5 ring of evasion (right hand)
   (You found it on level 5 of the Dungeon)
 D - a ring of resist corrosion
   (You found it on level 2 of the Snake Pit)
 I - an amulet of regeneration (around neck)
   (You found it on level 3 of the Snake Pit)
Scrolls
 c - 8 scrolls of fog
 e - 5 scrolls of fear
 g - 3 scrolls of magic mapping
 i - 5 scrolls of identify {@r1}
 k - 12 scrolls of teleportation {@r4}
 l - 2 scrolls of poison
 s - 4 scrolls of noise {!r}
 H - a scroll of enchant armour
 J - 3 scrolls of blinking
Potions
 d - 5 potions of brilliance
 h - a potion of might
 m - 7 potions of curing {@q1}
 n - 2 potions of cancellation
 o - 7 potions of magic
 r - 4 potions of flight
 t - 4 potions of haste {@q3}
 u - 6 potions of attraction {!q}
 v - 4 potions of lignification {!q}
 B - 2 potions of invisibility
 C - 3 potions of mutation {!q}
 E - 2 potions of resistance
 G - 4 potions of ambrosia


   Skills:
 - Level 18.3 Fighting
 - Level 3.0(9.5) Polearms
 - Level 13.8(14.0) Staves
 - Level 9.8 Armour
 - Level 12.0 Dodging
 - Level 3.7 Stealth
 - Level 2.4 Spellcasting
 * Level 5.3 Conjurations
 - Level 8.2 Ice Magic
 + Level 3.2 Air Magic


You had 13 spell levels left.
You knew the following spells:

 Your Spells              Type           Power      Damage    Failure   Level
a - Frozen Ramparts       Ice            52%        1d8       7%          3
b - Freezing Cloud        Conj/Ice/Air   9%         6-21      88%         5

Your spell library contained the following spells:

 Spells                   Type           Power      Damage    Failure   Level
 Magic Dart               Conj           68%        1d6       8%          1
 Searing Ray              Conj           34%        2d5       12%         2
 Poisonous Vapours        Pois/Air       12%        N/A       47%         2
 Cigotuvi's Dreadful Rot  Necr/Pois/Air  10%        N/A       54%         2
 Sting                    Tmut/Pois      4%         1d3       56%         1
 Summon Small Mammal      Summ           4%         N/A       56%         1
 Stone Arrow              Conj/Erth      18%        3d8       56%         3
 Sublimation of Blood     Necr           1%         N/A       71%         2
 Ice Form                 Ice/Tmut       14%        N/A       77%         4
 Summon Ice Beast         Ice/Summ       14%        N/A       77%         4
 Call Canine Familiar     Summ           1%         N/A       90%         3
 Ignite Poison            Fire/Tmut/Pois 1%         N/A       90%         3
 Portal Projectile        Hex/Tloc       2%         N/A       90%         3
 Summon Guardian Golem    Hex/Summ       1%         N/A       90%         3
 Tukima's Dance           Hex            1%         N/A       90%         3
 Fulminant Prism          Conj/Hex       4%         3d5       92%         4
 Irradiate                Conj/Tmut      4%         3d13      99%         5
 Animate Armour           Summ/Erth      2%         N/A       100%        4
 Olgreb's Toxic Radiance  Pois           1%         N/A       100%        4
 Petrify                  Tmut/Erth      1%         N/A       100%        4
 Blade Hands              Tmut           0%         N/A       100%        5
 Lehudib's Crystal Spear  Conj/Erth      4%         10d3      100%        8


Dungeon Overview and Level Annotations

Branches:
Dungeon (15/15) Zot: 25397  Temple (1/1) D:4 Zot: 5826    Lair (5/5) D:11 Zot: 22052
 Shoals (3/4) Lair:2 Zot: 15757   Snake (4/4) Lair:3 Zot: 16959   Slime (0/5) Lair:4
    Orc (2/2) D:9 Zot: 10491     Elf (0/3) Orc:2        Vaults (0/5) D:14
 Depths (0/4) D:15          IceCv (visited)

Altars:
Cheibriados
Dithmenos
Fedhas
Gozag
Kikubaaqudgha
Makhleb
Nemelex Xobeh
Okawaru
Qazlal
Ru
Sif Muna
Trog
Uskayaw
Vehumet
Wu Jian
Xom
Yredelemnul
Jiyva

Shops:
D:5 :   D:12 =   D:13 (*   D:15 *   Orc:2 [[?[(   Shoals:2 =   Snake:3 *!
Snake:4 :

Annotations:
D:3 5 runed translucent doors, LaMa's ghost, amateur DrIE; McKennaii's ghost, weakling DgCj; peterlawrence's ghost, amateur MiFi; raetorn's ghost, amateur MfGl
D:5 3 runed translucent doors, GeoRichter's ghost, novice HOCA; Quickbrownfox's ghost, novice DsCj
D:7 exclusion: 2 doors
D:14 1 runed translucent door, Roxanne
Shoals:3 Ilsuiw
Snake:1 2 transporters


Innate Abilities, Weirdness & Mutations

You have a pair of antennae on your head.
You are completely covered in slimy green scales. (AC +4, rPois)
Your magical capacity is low. (-10% MP)
You are completely covered in sharp spines.
When hurt, damage is shared between your health and your magic reserves.
You regenerate magic rapidly.
You sometimes lose the ability to read scrolls when taking damage.
You cannot study or use magical devices.
You are unskilled. (-2 Apt)


Message History

The merfolk siren is moderately wounded.
The merfolk shouts!
The merfolk siren is stunned by your conviction and fails to attack.
The merfolk hits you from afar with a +0 trident!
* * * LOW HITPOINT WARNING * * *
The merfolk siren closely misses you.
You feel much better.
The merfolk hits you from afar with a +0 trident.
* * * LOW HITPOINT WARNING * * *
The merfolk impaler hits you from afar with a +6 demon trident of venom!
* * * LOW HITPOINT WARNING * * *
You focus your inner power and illuminate the merfolk impaler in retribution!
The merfolk siren chants its luring song.
You closely miss the merfolk siren.
The merfolk siren is moderately wounded.
The merfolk stops glowing.
The merfolk impaler hits you from afar with a +6 demon trident of venom!!
* * * LOW HITPOINT WARNING * * *
The merfolk hits you but does no damage.
You slice the merfolk siren!!
Lightning courses through the merfolk siren!!
You break out of your daze!
You kill the merfolk siren!
You hear a splash.
The merfolk impaler closely misses you. The merfolk impaler barely misses you.
The merfolk barely misses you.
The merfolk impaler completely misses you.
The merfolk closely misses you.
Things that are here:
a +0 spear; a merfolk corpse You cannot read scrolls in your current state!
You are restored by drawing out deep reserves of power within.
You feel drained.
The merfolk impaler hits you from afar with a +6 demon trident of venom!
* * * LOW HITPOINT WARNING * * *
The faun shoots a sling bullet.
The sling bullet hits you.
* * * LOW HITPOINT WARNING * * *
The merfolk impaler hits you from afar with a +6 demon trident of venom!
* * * LOW HITPOINT WARNING * * *
The merfolk hits you from afar with a +0 trident!
* * * LOW HITPOINT WARNING * * *
Okay, then.
You cannot read scrolls in your current state!
You rampage towards the merfolk!
You slice the merfolk!!
The merfolk is heavily wounded.
The faun is stunned by your conviction and fails to attack.
The merfolk is struck by your spines. The merfolk barely misses you.
The merfolk completely misses you.
The merfolk impaler hits you with a +6 demon trident of venom!!
You die...

#..~~~~≈≈≈≈≈≈
#.~~~~~~≈≈≈≈
#...~~~P≈≈≈≈
#....~~~≈≈≈≈
##)).~~P~≈≈≈≈
####.....~~≈≈≈≈≈
#....~m~~≈≈≈≈≈≈≈
.....~mc~)≈≈≈≈≈≈≈
.~...~~m@~~≈≈≈≈≈≈
.~~..~~m~~~~~~≈≈≈
.....~~..~~~~~≈≈≈
..~>..~~~~~~~~≈≈≈
~~~...~~~~~~~~≈≈≈
~~
~..##..~~~~~≈≈≈≈≈
~~ ..
...~~~~~~≈≈≈≈ ~.
..~~~~~~~..~~
#####


You could see a merfolk impaler (corona), 3 merfolk and a faun.

Vanquished Creatures
  Mara (Snake:4)
  Vashnia (Snake:4)
  Nikola (Snake:4)
  Rupert (Lair:5)
  Asterion (Snake:1)
  3 krakens (Shoals:3)
  Agnes (D:15)
  A frost giant (IceCv)
  10 nagarajas (Snake:4)
  Aizul (Snake:1)
  An orc warlord (Orc:2)
  A dire elephant (Lair:5)
  3 merfolk impalers (Shoals:1)
  3 merfolk javelineers
  Josephine (D:11)
  An entropy weaver (shapeshifter) (D:14)
  An entropy weaver (Lair:2)
  Fannar (D:12)
  A vault guard (D:14)
  2 alligator snapping turtles
  Erolcha (D:13)
  2 salamander tyrants
  3 catoblepae
  2 ogre magi (Orc:2)
  7 centaur warriors
  Erica (D:8)
  2 merfolk avatars
  2 merfolk aquamancers
  7 boulder beetles
  9 hydras
  A satyr (Shoals:3)
  A deep troll shaman (Lair:5)
  13 naga warriors
  5 anacondas
  13 two-headed ogres
  14 death yaks
  Sonja (Orc:2)
  16 naga sharpshooters
  8 skysharks
  6 shock serpents
  Amaemon (D:9)
  A salamander mystic (Snake:1)
  2 deep trolls
  4 sea snakes
  5 naga ritualists (Snake:4)
  An orc knight (D:11)
  A necromancer (D:15)
  3 deep elf zephyrmancers (D:15)
  14 ugly things
  13 mana vipers
  13 harpies
  Pikel (D:7)
  A wolf spider (D:15)
  11 manticores
  An orc sorcerer (Orc:2)
  15 salamanders
  A faun (Shoals:3)
  An oklob plant (Lair:5)
  6 cyclopes
  24 elephants
  A centaur zombie (D:15)
  Maurice (D:11)
  32 black mambas
  3 water nymphs (Shoals:2)
  6 guardian serpents
  An ice statue (IceCv)
  16 naga magi
  Joseph (D:9)
  10 merfolk sirens
  A gargoyle (D:12)
  2 centaur skeletons (D:15)
  An orange demon (D:9)
  A cane toad (shapeshifter) (D:14)
  Maggie (D:7)
  7 cane toads
  2 torpor snails
  6 rime drakes
  A freezing wraith (D:15)
  10 komodo dragons
  3 unseen horrors
  2 ice devils (Lair:4)
  2 efreet (D:15)
  7 kobold demonologists
  15 merfolk
  5 wind drakes
  6 meliai (D:14)
  A troll (shapeshifter) (D:13)
  14 trolls
  16 polar bears
  A hornet (D:8)
  8 dream sheep
  18 blink frogs
  5 slime creatures (D:12)
  6 snapping turtles
  A vampire (D:13)
  A shadow (D:11)
  10 water elementals
  5 wraiths
  2 centaur simulacra (D:15)
  Sigmund (D:6)
  4 wyverns
  A dire elephant simulacrum (Lair:4)
  2 basilisks
  A steam dragon (D:9)
  A death yak simulacrum (Lair:4)
  63 yaks
  Menkaure (D:4)
  40 nagas
  2 wargs
  4 acid dragons
  23 water moccasins
  2 ice beasts (D:7)
  A sky beast (D:6)
  19 orc warriors
  5 black bears
  60 wolves
  16 centaurs
  23 ogres
  3 lemures (D:7)
  A phantom (D:6)
  2 kobold brigands
  13 bullfrogs
  3 gnoll sergeants
  5 scorpions
  A two-headed ogre simulacrum (Lair:4)
  A cane toad simulacrum (Lair:4)
  11 killer bees
  4 howler monkeys
  5 electric eels
  4 hounds
  A jelly (D:3)
  3 gnoll boudas
  8 orc priests
  A sleepcap (D:4)
  Crazy Yiuf (D:6)
  An iguana (D:6)
  Ijyb (D:4)
  4 hell rats (Lair:3)
  23 orc wizards
  2 spriggan simulacra (Lair:4)
  16 gnolls
  6 adders
  2 naga simulacra (Lair:4)
  A shadow imp (D:6)
  4 white imps
  An ufetubus (D:7)
  A worm (D:4)
  7 dart slugs
  77 orcs
  5 bats
  4 endoplasms
  5 giant cockroaches
  6 goblins
  7 hobgoblins
  2 quokkas
  8 ball pythons
  3 frilled lizards
  16 kobolds
  4 rats
  A spectral orc (D:4)
  8 tentacles (Shoals:3)
1051 creatures vanquished.

Vanquished Creatures (others)
  A nagaraja (Snake:1)
  A death yak (Lair:4)
  A boulder beetle (D:13)
  A naga sharpshooter (Snake:4)
  A naga ritualist (Snake:4)
  An ugly thing (D:13)
  A manticore (Shoals:2)
  A faun (Shoals:3)
  2 yaks
  2 nagas
  2 wolves (Lair:1)
  2 centaurs
  An orc wizard (D:14)
  5 spectral weapons
  21 tentacles (Shoals:3)
43 creatures vanquished.

Grand Total: 1094 creatures vanquished

Notes
Turn   | Place    | Note
-------+----------+-------------------------------------------
     0 | D:5      | GeoRichter the Demonspawn Delver began the quest for the
                  | Orb.
     0 | D:5      | Reached XP level 1. HP: 18/18 MP: 1/1
   127 | D:4      | Gained mutation: You regenerate magic rapidly. [demonic
                  | ancestry]
   127 | D:4      | Reached XP level 2. HP: 24/24 MP: 2/2
   256 | D:3      | Reached XP level 3. HP: 28/29 MP: 3/3
   302 | D:3      | Found a large runed translucent door.
   302 | D:3      | Found a large runed translucent door.
   658 | D:1      | Gained mutation: You are partially covered in slimy green
                  | scales. (AC +2) [demonic ancestry]
   658 | D:1      | Reached XP level 4. HP: 35/35 MP: 4/4
  1366 | D:2      | Found a faded altar of an unknown god.
  1670 | D:3      | Found a runed translucent gate.
  1670 | D:3      | Found a runed translucent gate.
  1670 | D:3      | Found a runed translucent gate.
  1671 | D:3      | Noticed raetorn's ghost (amateur MfGl)
  1672 | D:3      | Noticed McKennaii's ghost (weakling DgCj)
  1672 | D:3      | Noticed LaMa's ghost (amateur DrIE)
  1672 | D:3      | Noticed peterlawrence's ghost (amateur MiFi)
  1955 | D:3      | Reached skill level 1 in Ice Magic
  2013 | D:3      | Reached skill level 1 in Spellcasting
  2013 | D:3      | Gained mutation: You are partially covered in sharp spines.
                  | [demonic ancestry]
  2013 | D:3      | Reached XP level 5. HP: 12/41 MP: 4/6
  2556 | D:3      | Learned a level 3 spell: Frozen Ramparts
  2608 | D:4      | Found a staircase to the Ecumenical Temple.
  2634 | Temple   | Entered the Ecumenical Temple
  2790 | Temple   | Became a worshipper of Ru the Awakened
  2923 | D:4      | Reached XP level 6. HP: 40/47 MP: 7/9
  2995 | D:4      | Noticed Menkaure
  3011 | D:4      | Killed Menkaure
  3207 | D:4      | Found a basalt altar of Yredelemnul.
  3513 | D:4      | Noticed Ijyb
  3542 | D:4      | Killed Ijyb
  3561 | D:4      | Reached XP level 7. HP: 25/52 MP: 6/11
  4317 | D:5      | Reached skill level 5 in Ice Magic
  4368 | D:5      | Gained mutation: Your magical capacity is low. (-10% MP)
                  | [Ru sacrifice]
  4374 | D:5      | Found a runed translucent gate.
  4375 | D:5      | Found a runed translucent gate.
  4375 | D:5      | Found a runed translucent gate.
  4376 | D:5      | Noticed GeoRichter's ghost (novice HOCA)
  4376 | D:5      | Noticed Quickbrownfox's ghost (novice DsCj)
  4695 | D:5      | Found Tilairili's Self-Improvement Boutique.
  5402 | D:6      | Gained mutation: When hurt, damage is shared between your
                  | health and your magic reserves. [demonic ancestry]
  5402 | D:6      | Reached XP level 8. HP: 16/58 MP: 11/11
  6330 | D:6      | Noticed Sigmund
  6347 | D:6      | Killed Sigmund
  6348 | D:6      | Reached skill level 4 in Fighting
  6348 | D:6      | Reached skill level 1 in Armour
  6666 | D:6      | Found a shimmering blue altar of Sif Muna.
  6764 | D:6      | Found a runed translucent door.
  6765 | D:6      | Noticed Crazy Yiuf
  6934 | D:6      | Killed Crazy Yiuf
  6935 | D:6      | Gained mutation: You have a pair of small antennae on your
                  | head. [demonic ancestry]
  6935 | D:6      | Reached XP level 9. HP: 65/65 MP: 9/12
  7007 | D:7      | Noticed a boulder beetle
  7057 | D:7      | HP: 1/65 [boulder beetle (11)]
  7472 | D:7      | Reached skill level 5 in Fighting
  7496 | D:7      | Gained mutation: You are somewhat unskilled. (-1 Apt) [Ru
                  | sacrifice]
  7496 | D:7      | Reduced skill Fighting to level 4
  7496 | D:7      | Reached * piety under Ru
  7496 | D:7      | Reached ** piety under Ru
  7674 | D:7      | Reached skill level 5 in Fighting
  7950 | D:7      | Noticed Pikel
  7984 | D:7      | Killed Pikel
  7985 | D:7      | Reached skill level 6 in Fighting
  8095 | D:7      | Found a burning altar of Makhleb.
  8233 | D:7      | Noticed Maggie
  8352 | D:7      | Killed Maggie
  8353 | D:7      | Reached skill level 5 in Armour
  8931 | D:7      | Noticed a komodo dragon
  8942 | D:7      | Killed a komodo dragon
  8943 | D:7      | Gained mutation: You are mostly covered in sharp spines.
                  | [demonic ancestry]
  8943 | D:7      | Reached XP level 10. HP: 18/77 MP: 4/12
  9341 | D:8      | Reached skill level 7 in Fighting
  9379 | D:8      | Noticed Erica
  9641 | D:8      | Killed Erica
  9642 | D:8      | Reached skill level 8 in Fighting
 10351 | D:9      | Found an ornate altar of the Wu Jian Council.
 10367 | D:9      | Noticed Joseph
 10399 | D:9      | Killed Joseph
 10665 | D:9      | Found a staircase to the Orcish Mines.
 10776 | D:9      | Noticed an orange demon
 10791 | D:9      | Killed an orange demon
 10792 | D:9      | Reached skill level 1 in Staves
 10799 | D:9      | Noticed Amaemon
 11200 | D:9      | Gained mutation: You occasionally lose the ability to read
                  | scrolls when taking damage. [Ru sacrifice]
 11200 | D:9      | Gained mutation: You sometimes lose the ability to read
                  | scrolls when taking damage. [Ru sacrifice]
 11200 | D:9      | Reached *** piety under Ru
 11280 | D:9      | Killed Amaemon
 11281 | D:9      | Reached skill level 9 in Fighting
 11281 | D:9      | Gained mutation: You are completely covered in sharp
                  | spines. [demonic ancestry]
 11281 | D:9      | Reached XP level 11. HP: 59/89 MP: 8/13
 11380 | D:10     | Entered Level 10 of the Dungeon
 11435 | D:10     | Noticed a sixfirhy
 11633 | D:10     | Noticed a two-headed ogre
 11651 | D:10     | Killed a two-headed ogre
 11860 | D:10     | Noticed a +0 dagger
 11860 | D:10     | Noticed a +0 hand axe
 11871 | D:10     | Found a hide-covered altar of Uskayaw.
 11872 | D:10     | Noticed a two-headed ogre
 11894 | D:10     | Killed a two-headed ogre
 11895 | D:10     | Reached skill level 10 in Fighting
 12142 | D:10     | Found a bloodstained altar of Trog.
 12454 | D:11     | Reached skill level 5 in Staves
 12472 | D:11     | Found a staircase to the Lair.
 12757 | D:11     | Noticed Maurice
 12768 | D:11     | Killed Maurice
 12860 | D:11     | Noticed a two-headed ogre
 12868 | D:11     | Killed a two-headed ogre
 13518 | D:11     | Reached skill level 11 in Fighting
 13593 | D:11     | Gained mutation: You are mostly covered in slimy green
                  | scales. (AC +3) [demonic ancestry]
 13593 | D:11     | Reached XP level 12. HP: 85/100 MP: 10/14
 13711 | D:11     | Noticed Josephine
 13726 | D:11     | Killed Josephine
 14261 | D:11     | Noticed a two-headed ogre
 14294 | D:11     | Killed a two-headed ogre
 14595 | Lair:1   | Entered Level 1 of the Lair of Beasts
 14703 | Lair:1   | Gained mutation: You cannot study or use magical devices.
                  | [Ru sacrifice]
 14703 | Lair:1   | Reached **** piety under Ru
 14703 | Lair:1   | Reached ***** piety under Ru
 15237 | Lair:1   | Reached skill level 12 in Fighting
 15631 | Lair:2   | Noticed a catoblepas
 15685 | Lair:2   | Killed a catoblepas
 15749 | Lair:2   | Found a staircase to the Shoals.
 15785 | Lair:2   | a yak changed into an entropy weaver
 15785 | Lair:2   | Noticed an entropy weaver
 15790 | Lair:2   | Killed an entropy weaver
 15791 | Lair:2   | Noticed a death yak
 15793 | Lair:2   | Noticed a death yak
 15798 | Lair:2   | Noticed a death yak
 15966 | Lair:2   | Noticed a death yak
 15990 | Lair:1   | Killed a death yak
 15996 | Lair:1   | Reached XP level 13. HP: 67/109 MP: 4/15
 16193 | Lair:2   | Reached skill level 10 in Staves
 17428 | Lair:3   | Found a staircase to the Snake Pit.
 17511 | Lair:3   | Reached skill level 13 in Fighting
 17519 | Lair:3   | Gained mutation: You are unskilled. (-2 Apt) [Ru sacrifice]
 17519 | Lair:3   | Reduced skill Fighting to level 12
 17519 | Lair:3   | Reduced skill Staves to level 10
 17519 | Lair:3   | Reduced skill Armour to level 5
 17519 | Lair:3   | Reached ****** piety under Ru
 19401 | D:5      | Bought a manual of Staves for 1040 gold pieces
 19751 | Lair:4   | Identified the +3 leather armour "Erghac" {Harm rCorr}
 19790 | Lair:4   | Found a staircase to the Slime Pits.
 19791 | Lair:4   | Found a viscous altar of Jiyva.
 20371 | Lair:4   | Reached XP level 14. HP: 116/116 MP: 12/15
 21017 | Lair:5   | Entered Level 5 of the Lair of Beasts
 21017 | Lair:5   | Noticed Rupert
 21246 | D:12     | Found a frozen archway.
 21259 | IceCv    | Entered an ice cave
 21702 | IceCv    | Noticed a frost giant
 21726 | IceCv    | Killed a frost giant
 22203 | IceCv    | Reached skill level 13 in Fighting
 22307 | D:12     | Noticed Fannar
 22332 | D:12     | Killed Fannar
 23264 | D:12     | Found Fashre's Jewellery Shop.
 23477 | Orc:1    | Entered Level 1 of the Orcish Mines
 23798 | Orc:1    | Found a bloodstained altar of Trog.
 23898 | Orc:2    | Entered Level 2 of the Orcish Mines
 23898 | Orc:2    | Noticed an orc warlord
 23898 | Orc:2    | Found Ging's Antique Armour Shoppe.
 23898 | Orc:2    | Found Quzenulyh's Antique Armour Shoppe.
 23898 | Orc:2    | Found Lebasi's Antique Armour Boutique.
 23900 | Orc:2    | Found a staircase to the Elven Halls.
 23906 | Orc:2    | Killed an orc warlord
 23910 | Orc:2    | Noticed Sonja
 24086 | Orc:2    | Killed Sonja
 24088 | Orc:2    | Found Ummerome's Magic Scroll Emporium.
 24104 | Orc:2    | Gained mutation: You are completely covered in slimy green
                  | scales. (AC +4, rPois) [demonic ancestry]
 24104 | Orc:2    | Reached XP level 15. HP: 44/122 MP: 5/16
 24209 | Orc:2    | Reached skill level 14 in Fighting
 24260 | Orc:2    | Found Visosel's Antique Weapon Shop.
 24996 | Lair:5   | Killed Rupert
 25675 | D:5      | Bought a manual of Dodging for 1040 gold pieces
 25888 | Lair:5   | Reached skill level 5 in Dodging
 26007 | Lair:5   | Identified the +4 ring mail of the Arcane {Int+5}
 26748 | D:13     | Found Senwin's Weapon Emporium.
 26867 | D:13     | Noticed Erolcha
 26873 | D:13     | Reached skill level 15 in Fighting
 26883 | D:13     | Killed Erolcha
 27380 | D:13     | Found Eclunat's Assorted Antiques.
 28506 | D:14     | Identified the +1 scale mail of the Lumpy Xalams {Harm
                  | rPois Int-4 Dex+3}
 28594 | D:14     | Reached XP level 16. HP: 41/136 MP: 4/17
 28859 | D:14     | Identified Roxanne's Book of Quicksand
 28859 | D:14     | Noticed Roxanne
 29108 | D:14     | Found a runed translucent door.
 29732 | D:14     | Found a gate to the Vaults.
 30006 | Orc:2    | Bought a pair of bloodstained gloves for 180 gold pieces
 30006 | Orc:2    | Identified the +0 pair of gloves of Lugonu's Outrage
                  | {Int+3} (You bought it in a shop on level 2 of the Orcish
                  | Mines)
 30226 | D:15     | Entered Level 15 of the Dungeon
 30346 | D:15     | Found Vyse's Assorted Antiques.
 30595 | D:15     | Noticed Agnes
 30603 | D:15     | Killed Agnes
 31022 | D:15     | Found a staircase to the Depths.
 31108 | D:15     | Reached skill level 16 in Fighting
 31463 | D:15     | Found a shimmering altar of Xom.
 31466 | D:15     | Found a hazy altar of Hepliaklqana.
 31466 | D:15     | Found a sacrificial altar of Ru.
 31468 | D:15     | Found a sacrificial altar of Ru.
 31468 | D:15     | Found a sacrificial altar of Ru.
 31468 | D:15     | Found a sparkling altar of Nemelex Xobeh.
 31670 | Orc:2    | Bought a scroll of enchant weapon for 112 gold pieces
 31867 | Snake:1  | Entered Level 1 of the Snake Pit
 32024 | Snake:1  | Found a transporter.
 32056 | Snake:1  | Noticed Aizul
 32077 | Snake:1  | Killed Aizul
 32582 | Snake:1  | Noticed Asterion
 32601 | Snake:1  | Killed Asterion
 32650 | Snake:1  | Found a transporter.
 34311 | Snake:3  | Found Qigukhoa's Distillery.
 34405 | Snake:3  | Reached XP level 17. HP: 135/141 MP: 18/18
 34480 | Snake:3  | Found Noxa's Distillery.
 34496 | Snake:3  | Bought a potion of heal wounds for 90 gold pieces
 34496 | Snake:3  | Bought a potion of heal wounds for 90 gold pieces
 34757 | Snake:3  | Found Bidaqeku's General Store.
 35534 | Snake:3  | Reached skill level 17 in Fighting
 35774 | Snake:4  | Entered Level 4 of the Snake Pit
 35789 | Snake:4  | Found a bloodstained altar of Trog.
 35805 | Snake:4  | Found Natirgh's Book Shoppe.
 35822 | Snake:4  | Reached skill level 10 in Dodging
 35929 | Snake:4  | Noticed Vashnia
 35953 | Snake:4  | Killed Vashnia
 36497 | Snake:4  | Noticed Nikola
 36618 | Snake:4  | Killed Nikola
 37293 | Snake:4  | Noticed Mara
 37305 | Snake:4  | Noticed GeoRichter's illusion
 37325 | Snake:4  | Killed Mara
 38118 | Snake:4  | Got a serpentine rune of Zot
 38457 | Snake:4  | Reached skill level 18 in Fighting
 39255 | D:13     | Bought a scroll of enchant weapon for 262 gold pieces
 39413 | Shoals:1 | Entered Level 1 of the Shoals
 39571 | Shoals:1 | HP: 7/145 [merfolk/+0 glaive[a merfolk impaler] (11)]
 39582 | Shoals:1 | Reached skill level 1 in Conjurations
 39843 | Shoals:1 | Gained mutation: You have a pair of antennae on your head.
                  | [demonic ancestry]
 39843 | Shoals:1 | Reached XP level 18. HP: 141/149 MP: 17/19
 40027 | Shoals:1 | Reached skill level 1 in Air Magic
 40165 | Shoals:1 | Learned a level 5 spell: Freezing Cloud
 40964 | Shoals:2 | Found Wobeamau's Jewellery Shoppe.
 41576 | Shoals:3 | Noticed Ilsuiw
 41582 | Shoals:3 | Reached skill level 5 in Conjurations
 41621 | Shoals:3 | HP: 2/147 [merfolk impaler/+6 demon trident of venom (22)]
 41625 | Shoals:3 | Slain by a merfolk impaler

Illustrated notes

Levels and vault maps discovered:
D:1:      eino_arrival_druids_welcome, layout_rooms
D:2:      layout_loops_ring, ebering_ecumenical_altar_abandoned
D:3:      layout_loops_ring, jmf_multi_god_temple2, gammafunk_ghost_cemetery,
          minmay_divided_ellipse
D:4:      layout_basic, yredelemnul_forgotten_temple_becter, temple_doors_cd,
          uniq_ijyb, uniq_menkaure
D:5:      layout_basic, gammafunk_ghost_cemetery, nicolae_shop_self_help
D:6:      layout_basic, tso_metal_star, kennysheep_orc_sif_temple,
          roderic_lattice_a, uniq_sigmund, uniq_crazy_yiuf_cottage
D:7:      minmay_s_stair_smasher, layout_gridville, marbit_many_paths,
          uniq_pikel, uniq_maggie
D:8:      layout_cave_pools, chequers_serial_rivers_small_3,
          hangedman_abyss_or_decor_lesser_grid, nicolae_titane, uniq_erica
D:9:      layout_basic, elyvilon_altar_1, lemuel_doored_altar, orc_0_dummy,
          uniq_amaemon, uniq_joseph
D:10:     layout_roguey, dancing_weapons_uskayaw, mainiacjoe_overflow_chevrons
D:11:     minmay_clustersquares, layout_basic, due_lair_maze_entry_diamond,
          mrwooster_statue_mirror, serial_bayou_lake_a, uniq_maurice,
          uniq_josephine
D:12:     layout_loops_ring, portal_ice_cave_entry_pillars_1, serial_shops,
          nicolae_shop_real_fake_doors, reono_crystal_passage, uniq_fannar
D:13:     layout_basic, serial_ice, serial_ice_a, serial_ice_e, serial_ice_o,
          serial_ice_l, serial_shops, shop, kennysheep_windowed_goal,
          uniq_erolcha
D:14:     dreamdust_dug_too_deep, layout_cave_pools, david_vaults_5,
          minivault_23, minivault_26, uniq_roxanne
D:15:     grunt_enter_depths_magical_seal, layout_loops_ring,
          doesnt_xom_only_xom, serial_shops, nicolae_shop_window_shopping,
          uniq_agnes
Temple:   nicolae_temple_bog_church
Lair:1:   layout_roguey, minivault_27, dreamdust_gnoll_shepherd,
          grunt_megastairs_1
Lair:2:   layout_roguey, minmay_shoals_entry_centaurs, grunt_megastairs_5
Lair:3:   layout_cave_shapes, minmay_snake_entry_guardpost_large,
          wad_woods_river_01, serial_bayou_shore_b, serial_bayou_shore_a
Lair:4:   dreamdust_isle_of_ice, layout_layer_cave, slime_entry_1, wad_woods_06,
          lemuel_fruit_tree, grunt_megastairs_3
Lair:5:   grunt_lair_end_beastmaster, layout_hall_layers, uniq_rupert
Shoals:1: layout_shoals, nicolae_shoals_mertower
Shoals:2: layout_shoals, serial_shops, shop
Shoals:3: layout_shoals, nicolae_shoals_kraken_party, uniq_ilsuiw
Snake:1:  gammafunk_its_a_trap, layout_misc_corridors, uniq_asterion, uniq_aizul
Snake:2:  layout_rooms
Snake:3:  layout_chambers, serial_shops, nicolae_shop_tiny_waterfront,
          shop_fountains, shop
Snake:4:  grunt_snake_rune_spirals, layout_onion, serial_shops, shop,
          basic_altar, corexii_hall_statues_i, nicolae_snake_mages_go_home,
          serial_bayou_shore_b, uniq_mara, uniq_nikola, uniq_vashnia
Orc:1:    layout_diamond_mine, basic_altar
Orc:2:    st_orc_open, layout_caves, serial_shops, nicolae_diamond_shop,
          lightli_orcish_oven, uniq_sonja

Skill      XL: |  1  2  3  4  5  6  7  8  9 10 11 12 13 14 15 16 17 18 |
---------------+-------------------------------------------------------+-----
Polearms       | 2 3 |  3.0
Ice Magic      | 1 3 4 7 9 8 9 8 |  8.2
Spellcasting   | 1 2 3 2 |  2.4
Fighting       | 4 6 9 11 12 12 13 15 16 18 | 18.3
Armour         | 1 5 6 5 7 8 9 |  9.8
Staves         | 2 6 9 11 13 | 13.8
Stealth        | 3 |  3.7
Dodging        | 4 7 9 11 12 | 12.0
Conjurations   | 1 5 |  5.3
Air Magic      | 3 |  3.2

Action                     |  1- 3 |  4- 6 |  7- 9 | 10-12 | 13-15 | 16-18 || total
---------------------------+-------+-------+-------+-------+-------+-------++-------
  Melee: Spear             |   181 |   156 |   428 |   228 |       |       ||   993
         Punch             |     2 |     2 |     2 |     2 |       |       ||     8
         Long sword        |       |    24 |       |       |       |       ||    24
         Quarterstaff      |       |       |     4 |   299 |  1177 |   176 ||  1656
         Lajatang          |       |       |       |       |       |  1106 ||  1106
   Cast: Frozen Ramparts   |       |     1 |    37 |    66 |    51 |     8 ||   163
 Invoke: Sacrifice Essence |       |       |     1 |       |       |       ||     1
         Sacrifice Skill   |       |       |     1 |       |     1 |       ||     2
         Sacrifice Words   |       |       |       |     1 |       |       ||     1
         Draw Out Power    |       |       |       |     1 |     2 |     6 ||     9
         Sacrifice Artific |       |       |       |     1 |       |       ||     1
         Power Leap        |       |       |       |       |     2 |       ||     2
         Apocalypse        |       |       |       |       |     7 |     7 ||    14
  Evoke: Wand              |       |       |     3 |     2 |       |       ||     5
    Use: Scroll            |     1 |       |     7 |    12 |     6 |     8 ||    34
         Potion            |       |     1 |     5 |     3 |     3 |    10 ||    22
   Stab: Sleeping          |     9 |     5 |     5 |     8 |    10 |     1 ||    38
         Distracted        |       |     1 |     1 |     4 |    20 |     5 ||    31
         Invisible         |       |       |       |     6 |    15 |    15 ||    36
         Paralysed         |       |       |       |     4 |    19 |    34 ||    57
         Petrified         |       |       |       |     3 |     6 |       ||     9
         Confused          |       |       |       |     1 |     3 |       ||     4
 Armour: Leather armour    |    57 |    55 |   101 |       |       |       ||   213
         Steam dragon scal |       |       |     5 |   155 |   152 |       ||   312
         Troll leather arm |       |       |       |       |    54 |       ||    54
         Fire dragon scale |       |       |       |       |    81 |   287 ||   368
  Dodge: Dodged            |    84 |    78 |   191 |   362 |   637 |   680 ||  2032
